 Dungeon Crawl Stone Soup version 0.31.0-11-ge490571c62 (webtiles) character file.

Game seed: 5363393990114651449

21 qw the Shooter (level 2, -1/14 HPs)
             Began as a Spriggan Hunter on Feb 3, 2024.
             Slain by a hobgoblin (4 damage)
             ... on level 2 of the Dungeon.
             The game lasted 00:00:04 (562 turns).

qw the Shooter (Spriggan Hunter)                     Turns: 562, Time: 00:00:04

Health: -1/14      AC:  2    Str:  7    XL:     2   Next: 62%
Magic:  3/3        EV: 19    Int: 10    God:
Gold:   32         SH:  0    Dex: 18    Spells: 1/1 levels left

rFire   . . .        a - +0 shortbow
rCold   . . .        (shield currently unavailable)
rNeg    . . .        c - +0 robe
rPois   .            (helmet restricted)
rElec   .            (no cloak)
rCorr   .            (gloves unavailable)
SInv    +            (boots unavailable)
Will    .....        (no amulet)
Stlth   ++           (no ring)
HPRegen 0.22/turn    (no ring)
MPRegen 0.08/turn

%: no passive effects
@: very quick
A: very small, no large weapons, unfitting armour, see invisible, speed 3
a: no special abilities


You were on level 2 of the Dungeon.
You visited 1 branch of the dungeon, and saw 2 of its levels.

You collected 32 gold pieces.


Innate Abilities, Weirdness & Mutations

You are very small and have problems with some larger weapons.
You are too small for most types of armour.
You have supernaturally acute eyesight. (SInv)
You cover ground extremely quickly. (Speed+++)


   Skills:
 - Level 1.5 Fighting
 + Level 4.2 Ranged Weapons
 - Level 4.0 Dodging
 - Level 1.5 Stealth


You had one spell level left.
You didn't know any spells.
Your spell library was empty.

Inventory:

Hand Weapons
 a - a +0 shortbow (weapon)
Armour
 c - a +0 robe (worn)
Scrolls
 b - a scroll of butterflies
Potions
 g - a potion of magic

Dungeon Overview and Level Annotations

Branches:
Dungeon (2/15)

Altars:


Message History

552 ||| READING scroll labelled YWOSIT XILE.
As you read the scroll labelled YWOSIT XILE, it crumbles to dust.
It is a scroll of identify.
552 ||| IDENTIFYING glowing orange potion
g - a potion of magic
553 ||| READING scroll labelled ZAZODE OTELAUC.
As you read the scroll labelled ZAZODE OTELAUC, it crumbles to dust.
You feel strangely unstable.
It was a scroll of teleportation.
You start waiting.
Your surroundings suddenly seem different.
A gnoll comes into view. It is wielding a +0 flail.
You shoot an arrow.
The arrow hits the gnoll but does no damage.
The gnoll shouts!
You hear a shout!
A hobgoblin comes into view.
You shoot an arrow. The hobgoblin shouts!
The arrow hits the gnoll!
The gnoll is heavily wounded.
You hear a shout!
A quokka comes into view.
A gnoll comes into view. It is wielding a +0 spear.
558 ||| RETREEEEATING.
559 ||| RETREEEEATING.
The gnoll shouts!
The gnoll attacks as it pursues you! The gnoll hits you with a +0 flail!
Ouch! That really hurt!
A gnoll comes into view. It is wielding a +0 flail.
560 ||| RETREEEEATING.
You shoot an arrow. The arrow barely misses the gnoll.
A gnoll comes into view. It is wielding a +0 halberd.
The gnoll misses you.
You shoot an arrow.
The arrow hits the gnoll but does no damage.
The gnoll is heavily wounded.
The gnoll misses you.
You shoot an arrow. The arrow hits the gnoll!
You kill the gnoll!
The gnoll barely misses you. The hobgoblin hits you.
You die...

########
#.)@...#
#rg....#
g..g.....#
..g........#
............#
...##.....###
... #.....#
.. #......


You could see 3 gnolls, a quokka and a hobgoblin.

Vanquished Creatures
  A gnoll (D:2)
  A dart slug (D:1)
  2 bats (D:1)
  2 endoplasms (D:1)
  3 goblins (D:1)
  3 hobgoblins (D:1)
  2 ball pythons (D:1)
  2 frilled lizards (D:1)
  A kobold (D:2)
  2 rats (D:1)
19 creatures vanquished.

Notes
Turn   | Place    | Note
-------+----------+-------------------------------------------
     0 | D:1      | qw the Spriggan Hunter began the quest for the Orb.
     0 | D:1      | Reached XP level 1. HP: 10/10 MP: 2/2
     0 | D:1      | 0 ||| qw: Version: 0.3-a-155-g5e7d8dd
     0 | D:1      | 0 ||| qw: Game counter: 3508
     0 | D:1      | 0 ||| qw: Melee chars always use a shield: true
     0 | D:1      | 0 ||| qw: God list: Okawaru
     0 | D:1      | 0 ||| qw: Allow faded altars: false
     0 | D:1      | 0 ||| qw: Do Orc after clearing Dungeon:15 true
     0 | D:1      | 0 ||| qw: Do second Lair branch before Depths: true
     0 | D:1      | 0 ||| qw: Lair rune preference: random
     0 | D:1      | 0 ||| qw: Goals: Normal
     0 | D:1      | 0 ||| PLANNING D:1-11
    49 | D:1      | Reached skill level 3 in Dodging
   199 | D:1      | Reached XP level 2. HP: 14/14 MP: 3/3
   533 | D:1      | You fall into a shaft and drop 1 floor!
   551 | D:2      | 551 ||| DROPPING scarf of harm.
   552 | D:2      | 552 ||| READING scroll labelled YWOSIT XILE.
   552 | D:2      | 552 ||| IDENTIFYING glowing orange potion
   553 | D:2      | 553 ||| READING scroll labelled ZAZODE OTELAUC.
   558 | D:2      | 558 ||| RETREEEEATING.
   559 | D:2      | 559 ||| RETREEEEATING.
   559 | D:2      | HP: 2/14 [gnoll/+0 flail (12)]
   560 | D:2      | 560 ||| RETREEEEATING.
   562 | D:2      | Slain by a hobgoblin

Levels and vault maps discovered:
D:1:      eino_arrival_cavern_b, layout_basic, moated_statue,
          columned_hall_lemuel, chequers_serial_rivers_small_3
D:2:      layout_basic, minivault_14

Skill      XL: |  1  2 |
---------------+-------+-----
Dodging        | 3 4 |  4.0
Fighting       | |  1.5
Ranged Weapons | |  4.2
Stealth        | |  1.5

Action                     || total
---------------------------++-------
   Fire: Shortbow          ||    58
    Use: Scroll            ||     2
 Armour: Robe              ||     2
  Dodge: Dodged            ||    13

Table legend:
 A = Non-vault XP
 B = Vault XP
 C = Vault XP percentage of total XP
 D = Non-vault monster count
 E = Vault monster count
 F = Vault count percentage of total count
                 A         B        C        D         E       F
            +---------+---------+-------+---------+---------+-------
      Total |      45 |       0 |   0.0 |      19 |       0 |   0.0
            +---------+---------+-------+---------+---------+-------
        D:1 |      29 |       0 |   0.0 |      17 |       0 |   0.0
        D:2 |      16 |       0 |   0.0 |       2 |       0 |   0.0
            +---------+---------+-------+---------+---------+-------
